[Event "42nd Olympiad Baku 2016 Open"]
[Site "Baku"]
[Date "2016.09.05"]
[Round "4.5"]
[White "Mdoe, Yusuf"]
[Black "Mosenya, Ndawana"]
[Result "0-1"]
[ECO "B34"]
[WhiteElo "1758"]
[BlackElo "2003"]
[Annotator ""]
[PlyCount "46"]
[EventDate "2016.??.??"]
[EventCountry "AZE"]
[SourceTitle "playchess.com"]
[Source "ChessBase"]
[WhiteTeam "Tanzania"]
[BlackTeam "Botswana"]
[WhiteTeamCountry "TAN"]
[BlackTeamCountry "BOT"]
[TimeControl "40/5400+30:1800+30"]

1. e4 {(00:00)} c5 {(00:00)} 2. Nf3 {(00:00)} Nc6 {
(00:00)} 3. d4 {(00:33)} cxd4 {(00:01)} 4. Nxd4 {(
00:15)} Nf6 {(00:10)} 5. Nc3 {(01:44)} e5 {(00:06)} 6.
Nxc6 {(01:22)} bxc6 {(00:11)} 7. Bc4 {(00:45)} Bb4 {
(01:02)} 8. Bd2 {(03:21)} O-O {(00:41)} 9. Qe2 {(
01:12)} Rb8 {(02:03)} 10. a3 {(00:48)} Be7 {(00:21)} 11.
b4 {(01:14)} d5 {(01:13)} 12. exd5 {(03:10)} cxd5 {
(00:06)} 13. Bb3 {(01:02)} d4 {(02:54)} 14. Na4 {(
03:43)} e4 {(01:05)} 15. Bf4 {(02:33)} Bd6 {(10:38)} 16.
Bxd6 {(02:41)} Qxd6 {(00:04)} 17. h3 {(05:40)} Ba6 {
(01:11)} 18. Bc4 {(01:28)} d3 {(00:07)} 19. cxd3 {(
03:55)} exd3 {(04:22)} 20. Qa2 {(02:33)} Qe5+ {(00:07)}
21. Kd2 Bxc4 22. Qxc4 {(10:10)} Qe2+ {(00:58)} 23. Kc1 d2+ {
(00:08)} 0-1

[Event "42nd Olympiad Baku 2016 Open"]
[Site "Baku"]
[Date "2016.09.05"]
[Round "4.10"]
[White "Meftahi, Houssem"]
[Black "Karttunen, Mika"]
[Result "0-1"]
[ECO "C41"]
[WhiteElo "2119"]
[BlackElo "2458"]
[Annotator ""]
[PlyCount "63"]
[EventDate "2016.??.??"]
[EventCountry "AZE"]
[SourceTitle "playchess.com"]
[Source "ChessBase"]
[WhiteTeam "Tunisia"]
[BlackTeam "Finland"]
[WhiteTeamCountry "TUN"]
[BlackTeamCountry "FIN"]
[TimeControl "40/5400+30:1800+30"]

1. e4 {(00:00)} d6 {(00:00)} 2. d4 {(00:21)} Nf6 {(
00:00)} 3. Nc3 {(00:11)} e5 {(00:12)} 4. Nf3 {(03:41)}
Nbd7 {(00:15)} 5. g4 {(00:27)} g6 {(00:16)} 6. h3 {
(01:01)} Bg7 {(02:31)} 7. Be3 {(03:10)} c6 {(20:21]
} 8. a4 {(23:06)} Qe7 {(03:34)} 9. dxe5 {(24:43)} dxe5 {
(00:52)} 10. Bc4 {(05:23)} Nc5 {(14:31)} 11. Ng5 {(
02:41)} O-O {(01:18)} 12. Qf3 {(00:25)} h6 {(06:06)} 13.
Nxf7 {(06:57)} Rxf7 {(00:20)} 14. Bxf7+ {(00:04)} Kxf7 {
(00:08)} 15. O-O-O {(00:31)} Ne6 {(06:25)} 16. Qg3 {
(07:36)} Qc7 {(05:10)} 17. h4 {(01:42)} Nf4 {(01:
31)} 18. f3 {(01:56)} Be6 {(02:02)} 19. Qf2 {(01:29)} b6 {
(02:30)} 20. Rd2 {(00:21)} Bf8 {(04:39)} 21. Ne2 {(
01:29)} Nxe2+ {(01:46)} 22. Qxe2 {(00:14)} Rd8 {(02:38)}
23. Rhd1 {(00:43)} Rb8 {(03:51)} 24. Rf1 {(04:14)} b5 {
(01:08)} 25. Qh2 {(00:08)} bxa4 {(05:46)} 26. Bd4 {
(00:13)} Rb5 {(00:57)} 27. Bc3 {(03:00)} g5 {(02:
38)} 28. hxg5 {(00:13)} hxg5 {(00:04)} 29. f4 {(01:45)}
exf4 {(02:56)} 30. e5 {(00:36)} Rxe5 {(00:42)} 31. Bxe5 {
(02:22)} Qxe5 {(00:06)} 32. Qf2 {(00:29)} 0-1

[Event "42nd Olympiad Baku 2016 Open"]
[Site "Baku"]
[Date "2016.09.05"]
[Round "4.16"]
[White "Merritt, Mario"]
[Black "Mak, Kei Keng"]
[Result "1-0"]
[ECO "A15"]
[WhiteElo "2154"]
[BlackElo "1977"]
[Annotator ""]
[PlyCount "97"]
[EventDate "2016.??.??"]
[EventCountry "AZE"]
[SourceTitle "playchess.com"]
[Source "ChessBase"]
[WhiteTeam "TTO"]
[BlackTeam "Macau"]
[BlackTeamCountry "MAC"]
[TimeControl "40/5400+30:1800+30"]

1. c4 {(00:00)} Nf6 {(00:00)} 2. g3 {(00:00)} e6 {(
00:29)} 3. Bg2 {(00:00)} c6 {(00:49)} 4. Nf3 {(00:04)} d5
{(01:29)} 5. O-O {(00:07)} Be7 {(00:44)} 6. d4 {(
00:13)} O-O {(00:24)} 7. Qc2 {(00:33)} Ne4 {(03:04)} 8.
Nbd2 {(05:12)} f5 {(00:52)} 9. Ne1 {(05:01)} Bf6 {(
10:56)} 10. Ndf3 {(01:52)} Nd7 {(04:27)} 11. Nd3 {(01:06)}
g5 {(07:35)} 12. Nfe5 {(05:33)} h6 {(07:13)} 13. b3 {
(22:06)} Bg7 {(05:11)} 14. Ba3 {(03:02)} Re8 {(02:
15)} 15. f3 {(08:17)} Nef6 {(00:37)} 16. Bd6 {(11:36)} Bf8
{(02:33)} 17. Bxf8 {(00:41)} Rxf8 {(01:31)} 18. Rae1 {
(00:48)} Qb6 {(06:38)} 19. c5 {(01:38)} Qc7 {(00:
30)} 20. e4 {(03:34)} Nxe5 {(01:16)} 21. Nxe5 {(02:00)}
Nd7 {(00:44)} 22. exd5 {(02:05)} Nxe5 {(06:03)} 23. d6 {
(00:18)} Nxf3+ {(00:07)} 24. Rxf3 {(00:51)} Qg7 {(
00:24)} 25. Qc4 {(01:39)} Kh8 {(03:09)} 26. Re5 {(01:25)}
Bd7 {(00:47)} 27. Qb4 {(02:28)} b6 {(03:08)} 28. Qc3 {
(00:21)} b5 {(01:25)} 29. Qa5 {(03:03)} Rfb8 {(06:
51)} 30. Qa6 {(03:36)} Qg8 {(01:31)} 31. Rf2 {(00:24)} Qc8
{(00:20)} 32. Qxc8+ {(01:48)} Rxc8 {(00:13)} 33. g4 {
(00:20)} f4 {(02:00)} 34. h4 {(00:04)} Rg8 {(03:02]
} 35. hxg5 {(00:07)} hxg5 {(00:23)} 36. Be4 {(00:08)} Rg7
{(00:26)} 37. Rh2+ {(00:09)} Kg8 {(00:11)} 38. Rh5 {
(00:09)} Kf7 {(03:29)} 39. Rexg5 {(02:40)} Rag8 {(
00:37)} 40. Rxg7+ {(00:00)} Rxg7 {(00:00)} 41. g5 {(02:41]
} b4 {(05:56)} 42. Kf2 {(00:38)} a5 {(00:14)} 43. Kf3 {
(06:46)} Kg8 {(02:19)} 44. g6 {(00:14)} Be8 {(00:
36)} 45. Kxf4 {(01:05)} Ra7 {(01:53)} 46. Rh7 {(01:13)}
Ra6 {(00:54)} 47. Ke5 {(00:06)} a4 {(00:38)} 48. Kf6 {
(00:19)} axb3 {(00:23)} 49. g7 {(00:17)} 1-0

[Event "42nd Olympiad Baku 2016 Open"]
[Site "Baku"]
[Date "2016.09.05"]
[Round "4.17"]
[White "Mesfin, Leykun"]
[Black "Kayonde, Andrew"]
[Result "0-1"]
[ECO "B07"]
[WhiteElo "2129"]
[BlackElo "2422"]
[Annotator ""]
[PlyCount "74"]
[EventDate "2016.??.??"]
[EventCountry "AZE"]
[SourceTitle "playchess.com"]
[Source "ChessBase"]
[WhiteTeam "Ethiopia"]
[BlackTeam "Zambia"]
[WhiteTeamCountry "ETH"]
[BlackTeamCountry "ZAM"]
[TimeControl "40/5400+30:1800+30"]

1. e4 {(00:00)} d6 {(01:26)} 2. d4 {(00:40)} Nf6 {(
00:09)} 3. Nc3 {(01:08)} c6 {(00:23)} 4. h3 {(04:05)} Nbd7
{(00:49)} 5. Bd3 {(00:46)} e5 {(00:10)} 6. Nf3 {(
02:35)} Be7 {(02:08)} 7. O-O {(00:46)} O-O {(00:05)} 8.
Re1 {(04:24)} Re8 {(02:45)} 9. dxe5 {(17:35)} dxe5 {
(00:07)} 10. Be3 {(00:17)} Qc7 {(05:11)} 11. Nh4 {(
20:10)} Nc5 {(08:36)} 12. Bxc5 {(03:06)} Bxc5 {(00:07)}
13. Qf3 {(00:24)} Be6 {(02:47)} 14. Nf5 {(01:31)} g6 {
(05:09)} 15. Nd6 {(07:59)} Bxd6 {(10:48)} 16. Qxf6 {
(02:46)} Rad8 {(00:22)} 17. Ne2 {(03:26)} c5 {(03:
48)} 18. c4 {(03:28)} Qe7 {(04:13)} 19. Qf3 {(01:17)} Bc7
{(00:06)} 20. Red1 {(01:50)} Ba5 {(00:05)} 21. Qe3 {
(02:29)} b5 {(06:23)} 22. cxb5 {(01:50)} c4 {(00:
05)} 23. Bc2 {(00:23)} Bb6 {(00:06)} 24. Qg3 {(03:55)} Qb4
{(01:21)} 25. Qxe5 {(02:40)} Rd2 {(00:49)} 26. a3 {
(04:54)} Qa5 {(00:33)} 27. Nc3 {(04:54)} Rxc2 {(00:
58)} 28. Nd5 {(01:48)} Rxf2 {(01:04)} 29. Kh1 {(00:29)}
Bd8 {(00:22)} 30. Rac1 {(01:05)} Rxg2 {(02:08)} 31. Rxc4 {
(00:44)} Rg5 {(00:50)} 32. Qd4 {(01:21)} Bxd5 {(00:
42)} 33. exd5 {(00:07)} Re1+ {(00:58)} 34. Kh2 {(01:07)}
Rxd1 {(02:58)} 35. Qxd1 {(00:11)} Qxb5 {(00:13)} 36. Qc2 {
(00:42)} Qb8+ {(00:23)} 37. Kh1 {(00:40)} Qg3 {(00:
09)} 0-1

[Event "42nd Olympiad Baku 2016 Open"]
[Site "Baku"]
[Date "2016.09.05"]
[Round "4.25"]
[White "Meshkov, Yuri A"]
[Black "Durarbayli, Vasif"]
[Result "0-1"]
[ECO "A48"]
[WhiteElo "2354"]
[BlackElo "2612"]
[Annotator ""]
[PlyCount "94"]
[EventDate "2016.??.??"]
[EventCountry "AZE"]
[SourceTitle "playchess.com"]
[Source "ChessBase"]
[WhiteTeam "IBCA"]
[BlackTeam "AZE"]
[WhiteTeamCountry "RUS"]
[BlackTeamCountry "AZE"]
[TimeControl "40/5400+30:1800+30"]

1. d4 {(00:00)} Nf6 {(00:00)} 2. Bf4 {(00:21)} g6 {
(00:00)} 3. c3 {(02:01)} Bg7 {(00:00)} 4. Nd2 {(00:
48)} O-O {(01:31)} 5. e4 {(01:45)} d6 {(00:23)} 6. Ngf3 {
(05:44)} c5 {(03:30)} 7. dxc5 {(01:04)} dxc5 {(00:
08)} 8. h3 {(00:37)} b6 {(03:10)} 9. Bc4 {(06:13)} Bb7 {
(02:09)} 10. Qe2 {(03:48)} Qc8 {(02:42)} 11. O-O {(
01:58)} Na6 {(02:45)} 12. Rfe1 {(03:15)} Nc7 {(00:17)} 13.
Bxc7 {(00:29)} Qxc7 {(00:03)} 14. Ba6 {(00:08)} Bc6 {
(00:54)} 15. Bb5 {(00:32)} Bxb5 {(00:40)} 16. Qxb5 {
(00:13)} a6 {(01:09)} 17. Qe2 {(00:31)} b5 {(01:15]
} 18. e5 {(00:48)} Nd5 {(00:17)} 19. Qe4 {(00:14)} Rfd8 {
(01:08)} 20. a4 {(00:20)} Rab8 {(01:17)} 21. axb5 {
(01:49)} axb5 {(00:03)} 22. Ra6 {(04:36)} Rb6 {(10:
57)} 23. Rxb6 {(04:33)} Nxb6 {(03:01)} 24. c4 {(17:03)}
Bh6 {(00:57)} 25. Re2 {(00:18)} Bxd2 {(01:31)} 26. Rxd2 {
(02:50)} Nxc4 {(00:11)} 27. Rxd8+ {(00:08)} Qxd8 {(
00:02)} 28. Qc6 {(01:30)} Nxb2 {(00:09)} 29. Qxc5 {(00:50]
} Qd1+ {(00:13)} 30. Kh2 {(00:18)} Qd7 {(00:28)} 31. g3 {
(06:09)} Nd3 {(00:31)} 32. Qe3 {(00:29)} Qd5 {(00:
40)} 33. e6 {(01:27)} fxe6 {(00:08)} 34. h4 {(00:40)} b4 {
(00:41)} 35. Ng5 {(02:05)} b3 {(00:54)} 36. Qb6 {(
01:19)} h6 {(01:58)} 37. Qb8+ {(02:36)} Kg7 {(00:05)} 38.
Qe8 {(00:32)} hxg5 {(00:36)} 39. Qxe7+ {(00:18)} Kh6 {
(00:10)} 40. hxg5+ {(00:00)} Kh5 {(00:00)} 41. Qf6 {
(21:16)} Kg4 {(05:24)} 42. f3+ {(01:05)} Qxf3 {(00:
05)} 43. Qxe6+ {(00:47)} Kh5 {(01:25)} 44. Qxb3 {(07:12)}
Ne5 {(00:07)} 45. Qb1 {(01:02)} Ng4+ {(00:26)} 46. Kh3 {
(00:55)} Qf2 {(00:31)} 47. Qg1 {(10:27)} Qe2 {(00:
04)} 0-1

[Event "42nd Olympiad Baku 2016 Open"]
[Site "Baku"]
[Date "2016.09.05"]
[Round "4.28"]
[White "Meskovs, Nikita"]
[Black "Stupak, Kirill"]
[Result "1/2-1/2"]
[ECO "A18"]
[WhiteElo "2476"]
[BlackElo "2561"]
[Annotator ""]
[PlyCount "61"]
[EventDate "2016.??.??"]
[EventCountry "AZE"]
[SourceTitle "playchess.com"]
[Source "ChessBase"]
[WhiteTeam "Latvia"]
[BlackTeam "Belarus"]
[WhiteTeamCountry "LAT"]
[BlackTeamCountry "BLR"]
[TimeControl "40/5400+30:1800+30"]

1. c4 {(00:00)} Nf6 {(00:31)} 2. Nc3 {(00:00)} e6 {
(03:54)} 3. e4 {(00:00)} d5 {(00:02)} 4. e5 {(00:
00)} d4 {(00:02)} 5. exf6 {(00:00)} dxc3 {(00:03)} 6. bxc3
{(00:06)} Qxf6 {(00:06)} 7. Bd3 {(00:04)} Bd7 {(12:
38)} 8. Nf3 {(13:09)} Bc6 {(01:37)} 9. Bc2 {(10:21)} e5 {
(06:45)} 10. d4 {(02:10)} Bxf3 {(20:33)} 11. Qxf3 {
(01:59)} Qxf3 {(02:57)} 12. gxf3 {(00:08)} exd4 {(
15:51)} 13. Rb1 {(03:22)} Nd7 {(03:56)} 14. cxd4 {(02:00)}
O-O-O {(00:06)} 15. Be3 {(15:26)} c5 {(04:36)} 16. Be4 {
(07:57)} b6 {(02:02)} 17. O-O {(11:22)} cxd4 {(01:
46)} 18. Bxd4 {(00:02)} Bc5 {(00:08)} 19. Bc3 {(00:35)}
Nf6 {(04:16)} 20. Bf5+ {(01:57)} Kc7 {(00:16)} 21. Rfe1 {
(01:47)} Rhe8 {(02:06)} 22. Rxe8 {(04:16)} Rxe8 {(
01:39)} 23. Kf1 {(00:51)} Bd6 {(07:36)} 24. Bxf6 {(06:21)}
gxf6 {(00:03)} 25. Re1 {(00:07)} Rxe1+ {(00:09)} 26. Kxe1
{(00:04)} Bxh2 {(00:04)} 27. Bxh7 {(00:05)} f5 {(
00:03)} 28. Bxf5 {(00:05)} f6 {(00:02)} 29. Ke2 {(00:06)}
Kd6 {(00:03)} 30. Kd3 {(00:06)} Be5 {(00:05)} 31. Be4 {
(00:04)} 1/2-1/2

[Event "42nd Olympiad Baku 2016 Open"]
[Site "Baku"]
[Date "2016.09.05"]
[Round "4.26"]
[White "Mfune, Petros"]
[Black "Mueller, Leonhard"]
[Result "0-1"]
[ECO "B32"]
[WhiteElo "1993"]
[BlackElo "2204"]
[Annotator ""]
[PlyCount "188"]
[EventDate "2016.??.??"]
[EventCountry "AZE"]
[SourceTitle "playchess.com"]
[Source "ChessBase"]
[WhiteTeam "MAW"]
[BlackTeam "Namibia"]
[BlackTeamCountry "NAM"]
[TimeControl "40/5400+30:1800+30"]

1. e4 {(00:02)} c5 {(00:00)} 2. Nf3 {(00:27)} Nc6 {
(00:00)} 3. d4 {(00:07)} cxd4 {(00:00)} 4. Nxd4 {(
00:14)} Qb6 {(00:00)} 5. Nb3 {(01:47)} Nf6 {(00:00)} 6.
Nc3 {(00:28)} e6 {(00:08)} 7. a3 {(00:06)} Qc7 {(
04:02)} 8. Bd3 {(03:26)} a6 {(00:18)} 9. Bg5 {(01:54)} Be7
{(01:12)} 10. f4 {(00:54)} h6 {(05:16)} 11. Bxf6 {(
02:34)} Bxf6 {(00:25)} 12. e5 {(00:41)} Bh4+ {(00:43)} 13.
g3 {(01:35)} Be7 {(00:19)} 14. Qg4 {(00:56)} g5 {(
23:08)} 15. O-O-O {(03:01)} b5 {(04:53)} 16. Ne4 {(04:26)}
h5 {(09:59)} 17. Qe2 {(01:11)} Bb7 {(04:31)} 18. Rhf1 {
(03:27)} gxf4 {(01:19)} 19. Nd6+ {(07:46)} Bxd6 {(
03:23)} 20. exd6 {(00:47)} Qxd6 {(06:01)} 21. Rxf4 {(11:
21)} Qe7 {(10:05)} 22. Rdf1 {(00:46)} O-O-O {(06:41)} 23.
Rxf7 {(00:35)} Qg5+ {(00:07)} 24. Qd2 {(02:51)} Qxd2+ {
(00:43)} 25. Nxd2 {(00:32)} Ne5 {(00:21)} 26. R7f4 {
(02:11)} Nxd3+ {(02:26)} 27. cxd3 {(00:16)} Bd5 {(
03:32)} 28. Nb1 {(01:54)} Rdg8 {(03:16)} 29. Kd2 {(01:04)}
Kc7 {(03:43)} 30. Nc3 {(00:55)} Bc6 {(00:13)} 31. Ne2 {
(02:32)} h4 {(03:50)} 32. Rg1 {(04:15)} hxg3 {(01:
23)} 33. hxg3 {(00:33)} Rh2 {(00:44)} 34. g4 {(00:59)} e5
{(01:17)} 35. Rf5 {(03:02)} Kd6 {(00:16)} 36. Rg3 {
(04:10)} Ke6 {(00:32)} 37. d4 {(08:27)} exd4 {(01:
44)} 38. Rf4 {(02:19)} Rg5 {(01:11)} 39. Rxd4 {(01:37)}
Re5 {(00:25)} 40. Re3 {(00:00)} Bf3 {(00:00)} 41. Rxf3 {
(03:58)} Rexe2+ {(01:50)} 42. Kd3 {(01:43)} Rd2+ {(
08:14)} 43. Kc3 {(00:45)} Rxd4 {(00:24)} 44. Kxd4 {(00:21]
} Rxb2 {(00:30)} 45. g5 {(02:42)} Rg2 {(09:43)} 46. Rf6+ {
(00:52)} Ke7 {(00:08)} 47. Rxa6 {(00:19)} Rxg5 {(
00:03)} 48. Rb6 {(00:33)} Rg3 {(03:36)} 49. Rxb5 {(00:33)}
Rxa3 {(00:05)} 50. Re5+ {(03:11)} Kd8 {(00:36)} 51. Rc5 {
(00:34)} Rh3 {(00:25)} 52. Rc2 {(02:10)} Rh6 {(01:
12)} 53. Kd5 {(00:18)} Ke7 {(02:25)} 54. Re2+ {(00:13)}
Kd8 {(00:38)} 55. Re1 {(00:18)} Rc6 {(00:31)} 56. Ra1 {
(00:15)} Kc7 {(01:08)} 57. Ra7+ {(00:17)} Kc8 {(00:
37)} 58. Ra8+ {(00:33)} Kb7 {(00:20)} 59. Ra4 {(00:08)}
Rc1 {(02:42)} 60. Rd4 {(01:47)} Kc7 {(00:23)} 61. Rd2 {
(00:11)} d6 {(00:42)} 62. Rh2 {(01:15)} Rc5+ {(01:
05)} 63. Kd4 {(00:07)} Kc6 {(00:16)} 64. Rh8 {(00:21)} Rg5
{(01:26)} 65. Rh4 {(00:13)} Rg1 {(00:30)} 66. Rh8 {
(01:20)} Rg4+ {(00:22)} 67. Kd3 {(00:12)} Kc5 {(00:
14)} 68. Rh5+ {(01:29)} d5 {(00:06)} 69. Rh3 {(00:16)} Ra4
{(00:12)} 70. Rh8 {(04:07)} Ra3+ {(00:13)} 71. Kc2 {
(00:05)} Kc4 {(00:26)} 72. Rc8+ {(04:00)} Kd4 {(00:
07)} 73. Kd2 {(00:42)} Ra2+ {(00:18)} 74. Ke1 {(05:05)}
Kd3 {(02:18)} 75. Rb8 {(02:01)} Ra1+ {(00:18)} 76. Kf2 {
(00:06)} d4 {(00:18)} 77. Re8 {(01:06)} Ra2+ {(01:
06)} 78. Ke1 {(00:17)} Ra1+ {(00:06)} 79. Kf2 {(00:05)}
Rc1 {(02:16)} 80. Re7 {(01:35)} Rc2+ {(00:24)} 81. Ke1 {
(01:08)} Rc1+ {(00:06)} 82. Kf2 {(00:12)} Rh1 {(01:
38)} 83. Re8 {(01:27)} Kd2 {(01:20)} 84. Re2+ {(02:58)}
Kd1 {(00:46)} 85. Re4 {(03:21)} d3 {(00:43)} 86. Ra4 {
(02:54)} Rh2+ {(00:46)} 87. Ke3 {(02:35)} Rh3+ {(
00:04)} 88. Kf2 {(00:13)} d2 {(01:29)} 89. Rc4 {(05:16)}
Rh5 {(00:19)} 90. Rc8 {(04:22)} Rf5+ {(00:37)} 91. Kg2 {
(01:21)} Ke2 {(00:20)} 92. Re8+ {(00:19)} Kd3 {(00:
29)} 93. Rd8+ {(00:05)} Ke3 {(00:18)} 94. Rd7 {(04:37)}
Rf4 {(00:13)} 0-1

[Event "42nd Olympiad Baku 2016 Open"]
[Site "Baku"]
[Date "2016.09.05"]
[Round "4.20"]
[White "Michel Yunis, Christian D"]
[Black "Khader, Sami"]
[Result "0-1"]
[ECO "A56"]
[WhiteElo "2234"]
[BlackElo "2373"]
[Annotator ""]
[PlyCount "202"]
[EventDate "2016.??.??"]
[EventCountry "AZE"]
[SourceTitle "playchess.com"]
[Source "ChessBase"]
[WhiteTeam "Palestine"]
[BlackTeam "Jordan"]
[WhiteTeamCountry "PLE"]
[BlackTeamCountry "JOR"]
[TimeControl "40/5400+30:1800+30"]

1. d4 {(00:00)} Nf6 {(00:00)} 2. c4 {(00:31)} c5 {(
01:09)} 3. e3 {(00:24)} g6 {(00:06)} 4. Nf3 {(01:44)} Bg7
{(00:06)} 5. Nc3 {(01:03)} O-O {(00:06)} 6. d5 {(
10:14)} e6 {(00:25)} 7. e4 {(03:11)} exd5 {(00:12)} 8.
exd5 {(00:09)} d6 {(00:32)} 9. Be2 {(07:03)} Bg4 {(
00:23)} 10. O-O {(00:13)} a6 {(00:18)} 11. a4 {(02:01)}
Re8 {(00:31)} 12. h3 {(04:23)} Bxf3 {(00:07)} 13. Bxf3 {
(00:03)} Nbd7 {(00:20)} 14. Qc2 {(12:52)} h6 {(07:
30)} 15. Bd2 {(01:29)} Nh7 {(08:07)} 16. Rfe1 {(02:43)}
Qh4 {(02:33)} 17. Re4 {(05:59)} Rxe4 {(02:46)} 18. Qxe4 {
(02:21)} Qf6 {(03:07)} 19. Be2 {(09:11)} Qd8 {(13:
23)} 20. Re1 {(06:49)} Qb6 {(08:05)} 21. Qc2 {(01:10)} Re8
{(01:07)} 22. Bf1 {(04:04)} Rxe1 {(01:11)} 23. Bxe1 {
(00:02)} Qd8 {(00:50)} 24. Bd2 {(03:22)} Qe7 {(02:
15)} 25. Qe4 {(03:43)} Qf8 {(00:17)} 26. f4 {(03:57)} Nhf6
{(01:23)} 27. Qf3 {(00:48)} Qe7 {(00:41)} 28. Bd3 {
(00:42)} Nh5 {(00:54)} 29. g4 {(01:26)} Bd4+ {(00:
31)} 30. Kg2 {(00:47)} Ng7 {(01:23)} 31. b3 {(02:20)} Ne8
{(04:44)} 32. Qe4 {(03:16)} Qd8 {(00:47)} 33. Bc2 {
(02:30)} Bg7 {(04:40)} 34. Kg3 {(01:16)} Kf8 {(00:
22)} 35. Qe2 {(01:47)} Qf6 {(01:06)} 36. Kg2 {(00:32)} Qh4
{(03:35)} 37. Ne4 {(00:46)} Qe7 {(00:33)} 38. a5 {(
00:56)} Bd4 {(01:55)} 39. Ng3 {(01:08)} Qf6 {(01:12)} 40.
Ne4 {(00:00)} Qg7 {(00:00)} 41. Qf1 {(18:17)} Ndf6 {
(02:39)} 42. Ng3 {(00:43)} Ng8 {(01:02)} 43. Qd3 {(
00:47)} Ba1 {(01:56)} 44. b4 {(01:46)} cxb4 {(02:48)} 45.
Bxb4 {(00:25)} Qf6 {(01:10)} 46. f5 {(00:58)} Ne7 {
(05:51)} 47. c5 {(03:02)} Qe5 {(00:56)} 48. cxd6 {(
02:20)} Nxd5 {(01:48)} 49. Bd2 {(03:02)} Nxd6 {(05:59)}
50. Bxh6+ {(00:28)} Ke7 {(03:23)} 51. fxg6 {(00:48)} fxg6
{(02:11)} 52. Qxg6 {(00:30)} Kd7 {(01:00)} 53. Ne4 {
(02:59)} Nxe4 {(10:11)} 54. Qxe4 {(00:13)} Qd6 {(
02:14)} 55. Bd2 {(01:16)} Kc7 {(00:30)} 56. Bb3 {(00:41)}
Nf6 {(00:17)} 57. Qc4+ {(01:13)} Kb8 {(00:11)} 58. Bf4 {
(00:42)} Be5 {(00:05)} 59. Kf3 {(00:22)} Nd7 {(02:
11)} 60. Be3 {(00:42)} Ka8 {(03:39)} 61. Qg8+ {(00:49)}
Nb8 {(00:05)} 62. Bd5 {(00:37)} Qf6+ {(01:59)} 63. Ke4 {
(00:34)} Bc7 {(00:12)} 64. Qe6 {(00:37)} Qa1 {(02:
18)} 65. Kf5 {(00:53)} Qb1+ {(02:41)} 66. Be4 {(00:34)}
Qb5+ {(00:37)} 67. Qd5 {(00:03)} Qf1+ {(01:26)} 68. Kg6 {
(00:02)} Nc6 {(00:21)} 69. Qg8+ {(00:13)} Bb8 {(05:
58)} 70. Bxc6 {(00:28)} Qd3+ {(00:07)} 71. Kh5 {(00:43)}
Qxe3 {(00:16)} 72. Bg2 {(00:30)} Qe5+ {(01:14)} 73. Kh6 {
(01:08)} Qd6+ {(00:35)} 74. Kh7 {(00:35)} Qc7+ {(
00:02)} 75. Kh8 {(00:48)} Qc3+ {(00:11)} 76. Kh7 {(00:37)}
Qc2+ {(00:06)} 77. Kh6 {(00:38)} Qxg2 {(00:17)} 78. h4 {
(00:01)} Qd2+ {(00:53)} 79. g5 {(00:09)} Qxa5 {(01:
16)} 80. h5 {(00:39)} Ka7 {(00:32)} 81. Qf7 {(00:49)} Qd2
{(00:35)} 82. Kg6 {(00:34)} Be5 {(02:50)} 83. h6 {(
00:28)} a5 {(00:42)} 84. Qe8 {(00:24)} Qd4 {(00:58)} 85.
Kh5 {(00:49)} Qe4 {(00:47)} 86. Qe6 {(00:29)} a4 {(
00:24)} 87. g6 {(00:06)} Qe2+ {(02:44)} 88. Qg4 {(00:33)}
Qxg4+ {(00:02)} 89. Kxg4 {(00:01)} a3 {(00:16)} 90. g7 {
(00:10)} a2 {(00:05)} 91. g8=Q {(00:18)} a1=Q {(00:
09)} 92. h7 {(00:41)} Qd4+ {(00:12)} 93. Kf5 {(00:22)}
Qf4+ {(00:18)} 94. Ke6 {(00:27)} Qf6+ {(00:04)} 95. Kd5 {
(00:10)} Bc3 {(00:21)} 96. Kc4 {(00:45)} Ba1 {(00:
29)} 97. Kb5 {(00:49)} Qe5+ {(00:35)} 98. Kb4 {(00:32)}
Qd4+ {(00:19)} 99. Kb3 {(00:40)} Qc3+ {(00:12)} 100. Ka4 {
(00:01)} Qb2 {(01:15)} 101. Qc4 {(00:35)} Qd4 {(00:
33)} 0-1

[Event "42nd Olympiad Baku 2016 Open"]
[Site "Baku"]
[Date "2016.09.05"]
[Round "4.32"]
[White "Mikheev, Stanislav"]
[Black "Westerberg, Jonathan"]
[Result "0-1"]
[ECO "A57"]
[WhiteElo "2283"]
[BlackElo "2491"]
[Annotator ""]
[PlyCount "108"]
[EventDate "2016.??.??"]
[EventCountry "AZE"]
[SourceTitle "playchess.com"]
[Source "ChessBase"]
[WhiteTeam "IPCA"]
[BlackTeam "SWE"]
[WhiteTeamCountry "RUS"]
[BlackTeamCountry "SWE"]
[TimeControl "40/5400+30:1800+30"]

1. d4 {(00:00)} Nf6 {(00:00)} 2. c4 {(00:00)} c5 {(
00:21)} 3. d5 {(00:01)} b5 {(00:22)} 4. cxb5 {(03:35)} a6
{(00:11)} 5. e3 {(03:18)} g6 {(08:39)} 6. Nc3 {(02:
27)} Bg7 {(00:26)} 7. Nf3 {(03:46)} O-O {(00:50)} 8. Bc4 {
(03:18)} d6 {(03:35)} 9. O-O {(02:49)} Nbd7 {(03:
25)} 10. bxa6 {(08:46)} Nb6 {(01:23)} 11. Bb5 {(01:47)}
Bxa6 {(01:55)} 12. Bxa6 {(00:26)} Rxa6 {(00:01)} 13. e4 {
(05:49)} Qa8 {(02:33)} 14. Re1 {(05:14)} Na4 {(03:
21)} 15. Qc2 {(05:06)} Nxc3 {(01:25)} 16. bxc3 {(00:02)}
Ra4 {(00:09)} 17. Bg5 {(03:21)} Qa6 {(01:35)} 18. Nd2 {
(13:10)} Ra8 {(01:19)} 19. Reb1 {(00:14)} h6 {(02:
36)} 20. Bxf6 {(00:11)} Bxf6 {(00:12)} 21. Rb2 {(01:33)}
Qe2 {(04:40)} 22. Rab1 {(06:06)} Kg7 {(01:34)} 23. h3 {
(02:58)} Ra3 {(02:02)} 24. Nf3 {(02:20)} Qc4 {(05:
18)} 25. Nd2 {(01:42)} Qxc3 {(01:30)} 26. Qxc3 {(05:15)}
Bxc3 {(00:49)} 27. Rc2 {(00:02)} Bf6 {(05:14)} 28. Nf3 {
(02:11)} Rxa2 {(01:24)} 29. Rbc1 {(00:39)} Bb2 {(
09:47)} 30. Re1 {(00:37)} Ba1 {(04:00)} 31. Ree2 {(01:01)}
Rxc2 {(00:32)} 32. Rxc2 {(00:01)} Ra4 {(00:38)} 33. Nd2 {
(01:21)} Be5 {(00:38)} 34. g3 {(04:03)} Ra1+ {(09:
44)} 35. Kg2 {(00:11)} Re1 {(02:20)} 36. Kf3 {(03:37)} f5
{(03:33)} 37. exf5 {(00:37)} gxf5 {(00:01)} 38. Nc4 {
(00:53)} Bd4 {(02:04)} 39. Nb6 {(07:58)} Rb1 {(00:
38)} 40. Nc4 {(00:00)} Rb3+ {(00:00)} 41. Kg2 {(03:41)}
Rd3 {(09:33)} 42. Nb6 {(03:00)} Bf6 {(01:46)} 43. Kf1 {
(00:45)} f4 {(00:30)} 44. gxf4 {(03:13)} Rxh3 {(00:
39)} 45. Ke2 {(00:30)} Bd4 {(00:52)} 46. Rd2 {(03:36)} Kf6
{(01:29)} 47. Nc8 {(02:52)} Rb3 {(06:11)} 48. Na7 {
(01:40)} Rb2 {(02:32)} 49. Rxb2 {(00:10)} Bxb2 {(
00:02)} 50. Nc6 {(00:11)} e6 {(00:46)} 51. dxe6 {(01:29)}
Kxe6 {(00:02)} 52. Kf3 {(05:00)} h5 {(01:25)} 53. Kg3 {
(03:04)} Bf6 {(00:52)} 54. Na5 {(01:08)} d5 {(00:
23)} 0-1